[Event "ICC tourney 2246 (120 10)"]
[Site "Internet Chess Club"]
[Date "2020.12.27"]
[Round "4"]
[White "aang07"]
[Black "nikhilramkumar"]
[Result "1-0"]
[ICCResult "Black checkmated"]
[WhiteElo "1130"]
[BlackElo "830"]
[Opening "Queen's pawn game"]
[ECO "A45"]
[NIC "QP.07"]
[Time "17:18:11"]
[PlyCount "105"]
[TimeControl "7200+10"]

1. d4 Nf6 2. e3 Nc6 3. Nf3 d5 4. Be2 Bf5 5. c3 e6 6. Nbd2 Ne4 7. Nxe4 Bxe4
8. b3 Bd6 9. Bb2 O-O 10. c4 Bb4+ 11. Kf1 dxc4 12. bxc4 f6 13. a3 Ba5 14.
Bd3 Bxd3+ 15. Qxd3 e5 16. c5 f5 17. Qb3+ Kh8 18. Nxe5 Nxe5 19. dxe5 b6 20.
cxb6 axb6 21. Bd4 Qc8 22. Rc1 Qa6+ 23. Kg1 Qe2 24. Qc4 Qxc4 25. Rxc4 c5 26.
Bc3 Rfd8 27. g3 Rd1+ 28. Kg2 Rxh1 29. Kxh1 Bxc3 30. Rxc3 Kg8 31. Kg2 Kf7
32. Kf3 Ke6 33. Rb3 Kxe5 34. Ke2 g5 35. f4+ gxf4 36. gxf4+ Ke4 37. Rc3 Kd5
38. Kf3 b5 39. h4 b4 40. axb4 cxb4 41. Rd3+ Ke6 42. e4 fxe4+ 43. Kxe4 Ra4
44. f5+ Ke7 45. Ke5 Ra5+ 46. Kf4 Ra4 47. Kg5 Ra3 48. f6+ Kf7 49. Rd7+ Kf8
50. Rxh7 b3 51. Rb7 Ra5+ 52. Kg6 Ra3 53. Rb8# { Black checkmated } 1-0

[Event "ICC tourney 2246 (120 10)"]
[Site "Internet Chess Club"]
[Date "2020.12.27"]
[Round "4"]
[White "oxdidi"]
[Black "LittlePawn135"]
[Result "1-0"]
[ICCResult "Black checkmated"]
[WhiteElo "945"]
[BlackElo "742"]
[Opening "King's pawn game"]
[ECO "C50"]
[NIC "IG.03"]
[Time "17:17:31"]
[PlyCount "69"]
[TimeControl "7200+10"]

1. e4 e5 2. Nf3 Nc6 3. Bc4 d6 4. h3 Be6 5. Bxe6 fxe6 6. Nc3 Nf6 7. O-O d5
8. exd5 exd5 9. Re1 e4 10. d3 Qe7 11. Bg5 O-O-O 12. dxe4 dxe4 13. Bd2 Qd6
14. Nxe4 Nxe4 15. Rxe4 Be7 16. Re1 Bf6 17. c3 Ne5 18. Nxe5 Bxe5 19. Qg4+
Kb8 20. Be3 g6 21. Qa4 Bh2+ 22. Kh1 a6 23. Rad1 Qxd1 24. Rxd1 Rxd1+ 25.
Qxd1 Bd6 26. Qd4 Rd8 27. Qa7+ Kc8 28. Qa8+ Kd7 29. Qxb7 Ke7 30. Bg5+ Kf7
31. Bxd8 Kg7 32. Bxc7 Be7 33. Be5+ Kh6 34. Qxe7 a5 35. Qh4# { Black
checkmated } 1-0

[Event "ICC tourney 2246 (120 10)"]
[Site "Internet Chess Club"]
[Date "2020.12.27"]
[Round "4"]
[White "Anichess2009"]
[Black "ThorGodOfBlitz"]
[Result "0-1"]
[ICCResult "White checkmated"]
[WhiteElo "812"]
[BlackElo "1130"]
[Opening "Giuoco Pianissimo"]
[ECO "C50"]
[NIC "IG.02"]
[Time "17:17:48"]
[PlyCount "90"]
[TimeControl "7200+10"]

1. e4 e5 2. Nf3 Nc6 3. Bc4 Bc5 4. d3 d6 5. Be3 Nf6 6. Nc3 Bg4 7. h3 Bh5 8.
Bg5 Nd4 9. g4 Nxf3+ 10. Qxf3 Bg6 11. Bxf6 Qxf6 12. Qxf6 gxf6 13. Nd5 O-O-O
14. Nxf6 c6 15. f3 a5 16. h4 b5 17. h5 bxc4 18. hxg6 hxg6 19. Rxh8 Rxh8 20.
O-O-O Be3+ 21. Kb1 Bg5 22. Ne8 Rxe8 23. dxc4 Rd8 24. b3 Kb7 25. c5 dxc5 26.
Rxd8 Bxd8 27. c4 Ka6 28. a4 Kb7 29. Kc2 Bg5 30. Kd3 Kc7 31. Ke2 Kd7 32. Kd3
Ke6 33. Ke2 f5 34. Kf2 fxe4 35. fxe4 Bf4 36. Kg2 Kf6 37. Kf2 Kg5 38. Kf3
Kh4 39. Kg2 Kxg4 40. Kf2 Kh3 41. Kf3 g5 42. Kf2 g4 43. Kg1 g3 44. Kh1 g2+
45. Kg1 Be3# { White checkmated } 0-1

[Event "ICC tourney 2246 (120 10)"]
[Site "Internet Chess Club"]
[Date "2020.12.27"]
[Round "4"]
[White "Ldon22"]
[Black "pvegesana"]
[Result "0-1"]
[ICCResult "White checkmated"]
[WhiteElo "953"]
[BlackElo "1227"]
[Opening "Sicilian: Nimzovich-Rossolimo attack (without ...d6)"]
[ECO "B30"]
[NIC "SI.31"]
[Time "17:17:44"]
[PlyCount "56"]
[TimeControl "7200+10"]

1. e4 c5 2. Nf3 Nc6 3. Bb5 Qb6 4. Nc3 a6 5. Bxc6 Qxc6 6. d3 d6 7. h3 e5 8.
Nd5 Be6 9. Ne3 Be7 10. O-O Nf6 11. Ng5 Bd7 12. Qf3 h6 13. Nxf7 Kxf7 14. Qg3
Be6 15. f4 c4 16. fxe5 dxe5 17. Qxe5 Bd6 18. Qh5+ Ke7 19. e5 Nxh5 20. exd6+
Qxd6 21. dxc4 Rhf8 22. Re1 Kf7 23. b3 Kg8 24. Bb2 Bxh3 25. gxh3 Qg3+ 26.
Ng2 Nf4 27. Re2 Nxe2+ 28. Kh1 Qxh3# { White checkmated } 0-1

[Event "ICC tourney 2246 (120 10)"]
[Site "Internet Chess Club"]
[Date "2020.12.27"]
[Round "4"]
[White "funchessethan"]
[Black "thanhcaptures"]
[Result "1/2-1/2"]
[ICCResult "White stalemated"]
[WhiteElo "995"]
[BlackElo "1197"]
[Opening "two knights defense: Kieseritsky variation"]
[ECO "C58"]
[NIC "KP.01"]
[Time "17:17:53"]
[PlyCount "116"]
[TimeControl "7200+10"]

1. e4 e5 2. Nf3 Nc6 3. Bc4 Nf6 4. Ng5 d5 5. exd5 Na5 6. d3 Be7 7. d6 Qxd6
8. Nxf7 Qc6 9. Nxh8 Qxg2 10. Rf1 Bh3 11. Qe2 Ng4 12. Be3 Nxh2 13. f3 Nxf1
14. Qxg2 Bxg2 15. Bf2 Nxc4 16. dxc4 Kf8 17. Bg1 Kg8 18. Kf2 Bh3 19. Nc3
Bc5+ 20. Ke2 Bxg1 21. Rd1 Kxh8 22. b3 Bd4 23. Ne4 Bg2 24. Nc3 Bxc3 25. Rd3
Bd4 26. c3 Bb6 27. b4 c6 28. c5 Bc7 29. Rd7 Rc8 30. Kf2 Bh3 31. Rf7 h6 32.
a4 Rd8 33. b5 Bb8 34. Rxb7 cxb5 35. axb5 Rc8 36. c6 Kg8 37. Ke2 Ng3+ 38.
Ke3 Nf5+ 39. Kd3 Nd6 40. Re7 Nxb5 41. Kc4 Nd6+ 42. Kb3 Rxc6 43. Rxe5 Rb6+
44. Kc2 Rb2+ 45. Kc1 Rh2 46. Re7 Bf5 47. f4 Kh7 48. Kd1 Ne4 49. Kc1 Nxc3
50. Rxg7+ Kh8 51. Rh7+ Kg8 52. Rg7+ Kf8 53. Rf7+ Ke8 54. Re7+ Kd8 55. Rd7+
Kc8 56. Rc7+ Kd8 57. Rd7+ Ke8 58. Re7+ Kxe7 { White stalemated } 1/2-1/2

[Event "ICC tourney 2246 (120 10)"]
[Site "Internet Chess Club"]
[Date "2020.12.27"]
[Round "4"]
[White "standingwriter"]
[Black "ChaosOrigin"]
[Result "0-1"]
[ICCResult "White checkmated"]
[WhiteElo "1050"]
[BlackElo "1237"]
[Opening "two knights defense: Wilkes Barre (Traxler) variation"]
[ECO "C57"]
[NIC "KP.01"]
[Time "17:17:39"]
[PlyCount "102"]
[TimeControl "7200+10"]

1. e4 e5 2. Nf3 Nc6 3. Bc4 Nf6 4. Ng5 Bc5 5. Bxf7+ Ke7 6. Bb3 d5 7. exd5
Nxd5 8. Qf3 Be6 9. Nxe6 Kxe6 10. Qxd5+ Qxd5 11. Bxd5+ Kxd5 12. Nc3+ Ke6 13.
O-O Nd4 14. Ne4 Ne2+ 15. Kh1 Bb6 16. c3 Raf8 17. Re1 Nxc1 18. Raxc1 Bxf2
19. Rf1 Bb6 20. Rxf8 Rxf8 21. Ng5+ Kd5 22. h3 h6 23. Nf3 e4 24. c4+ Kd6 25.
Ng1 Rf2 26. b4 Bd4 27. Rd1 c5 28. b5 Ke5 29. Kh2 Kf4 30. h4 Kg4 31. Nh3
Be5+ 32. Kh1 Re2 33. Rf1 Kg3 34. Rd1 Rxg2 35. Rg1 Rxg1+ 36. Nxg1 Kf2 37.
Nh3+ Kf1 38. a3 b6 39. a4 g6 40. Ng1 Bf4 41. d3 exd3 42. Nf3 d2 43. Nxd2+
Bxd2 44. Kh2 Kf2 45. Kh3 Kf3 46. h5 g5 47. Kh2 g4 48. Kg1 g3 49. Kf1 g2+
50. Kg1 Kg3 51. a5 Be3# { White checkmated } 0-1

[Event "ICC tourney 2246 (120 10)"]
[Site "Internet Chess Club"]
[Date "2020.12.27"]
[Round "4"]
[White "thomasguchess"]
[Black "steeljc"]
[Result "0-1"]
[ICCResult "White checkmated"]
[WhiteElo "631"]
[BlackElo "964"]
[Opening "French: Marshall variation"]
[ECO "C10"]
[NIC "FR.04"]
[Time "17:17:28"]
[PlyCount "102"]
[TimeControl "7200+10"]

1. e4 e6 2. d4 d5 3. Nc3 c5 4. Nf3 Nc6 5. Bb5 Qa5 6. O-O Bd7 7. exd5 exd5
8. Bxc6 Bxc6 9. Re1+ Be7 10. Bg5 f6 11. Bf4 O-O-O 12. a3 Nh6 13. dxc5 Qxc5
14. b4 Qxc3 15. Rxe7 Rd7 16. Re3 Qc4 17. Bg3 d4 18. Rd3 Bxf3 19. Qxf3 Qxc2
20. Qf4 Kd8 21. Rxd4 Qc3 22. Rxd7+ Kxd7 23. Rd1+ Ke7 24. Qd6+ Kf7 25. Qd5+
Kg6 26. h4 Ng4 27. h5+ Kh6 28. f3 Ne3 29. Bf4+ g5 30. Bxg5+ fxg5 31. Qe6+
Kxh5 32. g4+ Kh4 33. Qh6+ Kg3 34. Qh2+ Kxf3 35. Qf2+ Kxg4 36. Re1 Re8 37.
Kh2 Qe5+ 38. Kh1 Qe4+ 39. Kg1 Qf3 40. Qh2 Qg3+ 41. Qxg3+ Kxg3 42. Kh1 h5
43. Rg1+ Kf4 44. Re1 g4 45. Kh2 g3+ 46. Kg1 h4 47. b5 h3 48. a4 Kf3 49. a5
Rh8 50. b6 h2+ 51. Kh1 g2# { White checkmated } 0-1

[Event "ICC tourney 2246 (120 10)"]
[Site "Internet Chess Club"]
[Date "2020.12.27"]
[Round "4"]
[White "Yadhunandan"]
[Black "Chessssssser"]
[Result "0-1"]
[ICCResult "White checkmated"]
[WhiteElo "891"]
[BlackElo "1239"]
[Opening "QGD: 4.Nf3"]
[ECO "D37"]
[NIC "QO.16"]
[Time "17:17:35"]
[PlyCount "102"]
[TimeControl "7200+10"]

1. d4 d5 2. c4 e6 3. Nc3 Nf6 4. Nf3 Be7 5. e3 O-O 6. Bd3 c5 7. O-O cxd4 8.
exd4 dxc4 9. Bxc4 Nc6 10. Bf4 Qb6 11. b3 Rd8 12. Be3 Nd5 13. Nxd5 exd5 14.
Be2 Bf6 15. Rc1 Bg4 16. Ne5 Bxe2 17. Qxe2 Nxd4 18. Bxd4 Qxd4 19. Nf3 Qb6
20. Qe3 Qxe3 21. fxe3 Rac8 22. a4 Rc6 23. Rfd1 Rdc8 24. Rxc6 bxc6 25. b4 a6
26. g4 h6 27. h4 Rb8 28. Rb1 Be7 29. h5 Rxb4 30. Rxb4 Bxb4 31. Ne5 c5 32.
Kf1 c4 33. Ke2 f6 34. Nc6 Bc3 35. Kd1 Kf7 36. Nb8 a5 37. Nd7 Ke6 38. Nc5+
Ke5 39. Kc2 Bb4 40. Nd7+ Ke4 41. Nb6 Bc5 42. Nd7 Bxe3 43. Nf8 d4 44. Ne6
d3+ 45. Kd1 c3 46. Nc5+ Bxc5 47. Ke1 c2 48. Kf1 c1=Q+ 49. Kg2 Qg1+ 50. Kh3
Bf2 51. g5 Qg3# { White checkmated } 0-1

[Event "ICC tourney 2246 (120 10)"]
[Site "Internet Chess Club"]
[Date "2020.12.27"]
[Round "4"]
[White "Chai2006"]
[Black "baldwinsthename"]
[Result "1-0"]
[ICCResult "Black checkmated"]
[WhiteElo "1159"]
[BlackElo "1215"]
[Opening "Two knights defense"]
[ECO "C55"]
[NIC "IG.01"]
[Time "17:17:40"]
[PlyCount "115"]
[TimeControl "7200+10"]

1. e4 e5 2. Nf3 Nf6 3. Bc4 Nc6 4. O-O Be7 5. Nc3 d6 6. d4 Nxe4 7. Bxf7+
Kxf7 8. Nxe4 d5 9. Neg5+ Ke8 10. Nxe5 Nxe5 11. dxe5 Bxg5 12. Qh5+ g6 13.
Qxg5 Qxg5 14. Bxg5 Bf5 15. Rac1 Kd7 16. h3 c6 17. g4 Be6 18. f4 Raf8 19.
Rce1 h5 20. Bf6 Rh7 21. f5 gxf5 22. gxf5 Rg8+ 23. Kh2 Bxf5 24. Rxf5 Ke6 25.
Rff1 b5 26. Rg1 Rf8 27. Rg6 Rff7 28. Reg1 a6 29. Rg7 c5 30. Rxh7 Rxh7 31.
Rg7 Rh6 32. Re7+ Kf5 33. Ra7 Ke4 34. Rxa6 Rh7 35. e6 Rc7 36. e7 Rc8 37. Rd6
Re8 38. Rd8 Rxe7 39. Bxe7 Kd4 40. Rc8 c4 41. Rb8 Ke3 42. Rxb5 d4 43. Rb4 c3
44. bxc3 dxc3 45. Bc5+ Kd2 46. Bd4 Kxc2 47. Rb3 Kd3 48. Be5 Kc4 49. Rxc3+
Kd5 50. Bh8 Ke4 51. a4 Kf5 52. a5 Kg6 53. a6 h4 54. a7 Kh7 55. a8=Q Kg6 56.
Qe4+ Kf7 57. Rc7+ Kg8 58. Qe8# { Black checkmated } 1-0

[Event "ICC tourney 2246 (120 10)"]
[Site "Internet Chess Club"]
[Date "2020.12.27"]
[Round "4"]
[White "falcon2020"]
[Black "Eleyn"]
[Result "1-0"]
[ICCResult "Black checkmated"]
[WhiteElo "1213"]
[BlackElo "1053"]
[Opening "Queen's pawn, Mason variation"]
[ECO "D00"]
[NIC "QP.08"]
[Time "17:17:48"]
[PlyCount "45"]
[TimeControl "7200+10"]

1. d4 d5 2. Bf4 Bf5 3. e3 e6 4. c3 c6 5. Nd2 Nf6 6. Ngf3 Bd6 7. Bg3 O-O 8.
Ne5 Qc7 9. f4 Bxe5 10. fxe5 Ng4 11. Bf4 Qb6 12. Nb3 f6 13. h3 Nh6 14. Qf3
g5 15. Qg3 Bg6 16. exf6 gxf4 17. Qxf4 Nf5 18. g4 Nh4 19. Qf2 Be4 20. Qxh4
Bxh1 21. Qg5+ Kf7 22. Qg7+ Ke8 23. Qe7# { Black checkmated } 1-0

[Event "ICC tourney 2246 (120 10)"]
[Site "Internet Chess Club"]
[Date "2020.12.27"]
[Round "4"]
[White "Shashank8"]
[Black "lucasnc"]
[Result "1-0"]
[ICCResult "Black checkmated"]
[WhiteElo "1188"]
[BlackElo "877"]
[Opening "Four knights: Spanish variation"]
[ECO "C48"]
[NIC "KP.03"]
[Time "17:17:35"]
[PlyCount "105"]
[TimeControl "7200+10"]

1. e4 e5 2. Nf3 Nc6 3. Bb5 Nf6 4. Nc3 d6 5. d4 Bg4 6. dxe5 dxe5 7. Qxd8+
Rxd8 8. Nxe5 Bd7 9. Nxd7 Rxd7 10. O-O Bc5 11. a3 O-O 12. h3 Re8 13. Re1 Rd4
14. Be3 Rdxe4 15. Nxe4 Bxe3 16. Nxf6+ gxf6 17. Rxe3 Rd8 18. Bxc6 bxc6 19.
Rae1 Kg7 20. Rc3 Rd6 21. Re7 Rd1+ 22. Kh2 Rb1 23. Rxc6 Rxb2 24. Rcxc7 Kg6
25. Rxf7 Ra2 26. Rxa7 Rxc2 27. Rxh7 Rxf2 28. Rag7+ Kf5 29. Rh5+ Ke6 30. a4
Ra2 31. a5 Kd6 32. Rg6 Ke6 33. Rb5 Kf7 34. Rh6 Kg7 35. Rh4 Kg6 36. Rhb4 Kf7
37. h4 Kg6 38. h5+ Kh6 39. Rf5 Ra3 40. Rg4 Ra2 41. Rg6+ Kh7 42. Rgxf6 Kg7
43. a6 Kh8 44. Rf8+ Kg7 45. R5f7+ Kh6 46. Rh8+ Kg5 47. a7 Rxa7 48. Rxa7 Kf6
49. Ra5 Kg7 50. Rb8 Kf7 51. Rb6 Ke8 52. Ra7 Kd8 53. Rb8# { Black checkmated
} 1-0

[Event "ICC tourney 2246 (120 10)"]
[Site "Internet Chess Club"]
[Date "2020.12.27"]
[Round "4"]
[White "PirateKing"]
[Black "RubyD"]
[Result "0-1"]
[ICCResult "White checkmated"]
[WhiteElo "866"]
[BlackElo "1122"]
[Opening "Queen's pawn, Mason variation"]
[ECO "D00"]
[NIC "QP.08"]
[Time "17:17:33"]
[PlyCount "124"]
[TimeControl "7200+10"]

1. d4 d5 2. Bf4 Nc6 3. Nf3 Bf5 4. e3 g6 5. Bd3 Bxd3 6. Qxd3 Bg7 7. c3 f6 8.
h3 e5 9. dxe5 fxe5 10. Bg5 Qd6 11. Qd2 h6 12. Bh4 e4 13. Bg3 Be5 14. Nxe5
Nxe5 15. Qd4 Nd3+ 16. Kd2 Qf6 17. Qxf6 Nxf6 18. b4 O-O 19. Bxc7 Nxf2 20.
Rf1 Nd3 21. Bd6 Rf7 22. Na3 Kg7 23. Nc2 Rd8 24. Bg3 g5 25. Nd4 Re8 26. Nf5+
Kg6 27. Nd6 Ref8 28. Nxf7 Rxf7 29. a4 b6 30. b5 Nc5 31. Ra3 h5 32. Be5 Nd3
33. Bxf6 Rxf6 34. Rxf6+ Kxf6 35. Ra1 Ke5 36. a5 Kd6 37. axb6 axb6 38. Ra6
Kc5 39. Ra4 Kxb5 40. Rd4 Kc5 41. Kc2 Ne1+ 42. Kc1 Nxg2 43. Kd2 g4 44. hxg4
hxg4 45. Ke2 Nh4 46. Kf2 Nf5 47. Rd1 Kc4 48. Rb1 Kxc3 49. Rxb6 Kd3 50. Rd6
Nxe3 51. Ra6 d4 52. Ra3+ Kc4 53. Ra4+ Kd5 54. Kg3 d3 55. Kf4 d2 56. Kxe3
d1=Q 57. Rxe4 Qe1+ 58. Kf4 Qxe4+ 59. Kg5 g3 60. Kh6 g2 61. Kh5 g1=Q 62. Kh6
Qeh1# { White checkmated } 0-1

[Event "ICC tourney 2246 (120 10)"]
[Site "Internet Chess Club"]
[Date "2020.12.27"]
[Round "4"]
[White "Poorvi123"]
[Black "EChessPlayer"]
[Result "0-1"]
[ICCResult "White checkmated"]
[WhiteElo "752"]
[BlackElo "1063"]
[Opening "Center game"]
[ECO "C22"]
[NIC "KP.04"]
[Time "17:17:42"]
[PlyCount "102"]
[TimeControl "7200+10"]

1. e4 e5 2. d4 exd4 3. Qxd4 Nc6 4. Qa4 Nf6 5. Nc3 Bb4 6. Bd2 O-O 7. O-O-O
a5 8. Nd5 Bxd2+ 9. Rxd2 Re8 10. Nxf6+ Qxf6 11. f3 d6 12. Bb5 Bd7 13. Bxc6
Bxc6 14. Qc4 a4 15. a3 Rad8 16. Ne2 Re5 17. Nc3 Qg5 18. g3 Rc5 19. Qd4 h6
20. f4 Qe7 21. Nxa4 Bxa4 22. Qxa4 b5 23. Qb4 Rc4 24. Qxb5 Qxe4 25. Rg1 Rc5
26. Qb4 Qf5 27. g4 Qg6 28. f5 Rxf5 29. gxf5 Qxg1+ 30. Rd1 Qxh2 31. Qg4 Qf2
32. Rg1 g6 33. fxg6 fxg6 34. Qxg6+ Kf8 35. Qg8+ Ke7 36. Qh7+ Ke6 37. Rg6+
Kd5 38. c4+ Kxc4 39. Qxc7+ Kb3 40. Qb7+ Ka2 41. Qd5+ Ka1 42. Rg2 Rc8+ 43.
Kd1 Qf1+ 44. Kd2 Qf4+ 45. Kd3 Qf1+ 46. Kd4 Qd1+ 47. Ke4 Re8+ 48. Kf5 Qxd5+
49. Kg6 Qxg2+ 50. Kxh6 Re1 51. a4 Rh1# { White checkmated } 0-1

[Event "ICC tourney 2246 (120 10)"]
[Site "Internet Chess Club"]
[Date "2020.12.27"]
[Round "4"]
[White "Deanmoon32"]
[Black "bryantan2010"]
[Result "1-0"]
[ICCResult "Black checkmated"]
[WhiteElo "974"]
[BlackElo "1157"]
[Opening "QGD"]
[ECO "D30"]
[NIC "QP.08"]
[Time "17:17:26"]
[PlyCount "53"]
[TimeControl "7200+10"]

1. d4 d5 2. c4 e6 3. Nf3 Nf6 4. Bg5 Nbd7 5. Ne5 Be7 6. Nxd7 Bxd7 7. e3 c6
8. cxd5 cxd5 9. Bd3 O-O 10. Bxf6 Bxf6 11. Qh5 h6 12. O-O Qb6 13. b3 Rac8
14. Nd2 Rfe8 15. f4 Be7 16. f5 Ba3 17. f6 Bf8 18. fxg7 Bxg7 19. Qxf7+ Kh8
20. Qxd7 Red8 21. Qe7 Rc3 22. Rf7 Rg8 23. Raf1 Rcc8 24. Rxg7 Rxg7 25. Rf8+
Rxf8 26. Qxf8+ Rg8 27. Qxh6# { Black checkmated } 1-0

[Event "ICC tourney 2246 (120 10)"]
[Site "Internet Chess Club"]
[Date "2020.12.27"]
[Round "4"]
[White "Aahilvalliani"]
[Black "waterycargo"]
[Result "0-1"]
[ICCResult "White resigns"]
[WhiteElo "813"]
[BlackElo "1222"]
[Opening "QGD: 4.Nf3"]
[ECO "D37"]
[NIC "QO.16"]
[Time "17:17:32"]
[PlyCount "136"]
[TimeControl "7200+10"]

1. d4 d5 2. c4 e6 3. Nc3 Nf6 4. Nf3 Be7 5. e3 O-O 6. Bd3 Nbd7 7. O-O b6 8.
b3 Bb7 9. Bb2 c5 10. Re1 Rc8 11. e4 dxe4 12. Nxe4 Nxe4 13. Bxe4 Bxe4 14.
Rxe4 Nf6 15. Re1 cxd4 16. Nxd4 Bb4 17. Rf1 Rc7 18. Nc2 Be7 19. Qxd8 Rxd8
20. Rad1 Rcd7 21. Rxd7 Rxd7 22. Ne3 Rd2 23. Rb1 Ne4 24. f3 Ng5 25. Ng4 Bc5+
26. Kh1 Bd4 27. Bxd4 Rxd4 28. h4 f5 29. hxg5 fxg4 30. Rb2 g3 31. Rb1 Kf7
32. Kg1 Kg6 33. Kf1 Kxg5 34. Ke2 Kf4 35. Rh1 h6 36. Rh4+ Ke5 37. Rxd4 Kxd4
38. Kd2 e5 39. a3 a5 40. a4 h5 41. Kc2 Ke3 42. Kc3 Kf2 43. b4 Kxg2 44. bxa5
bxa5 45. c5 Kf1 46. c6 g2 47. c7 g1=Q 48. c8=Q Qe3+ 49. Kb2 Qd2+ 50. Kb3
Qd1+ 51. Kb2 Qd4+ 52. Kc1 Qa1+ 53. Kd2 Qb2+ 54. Kd3 Qd4+ 55. Kc2 Qxa4+ 56.
Kd2 Qd4+ 57. Kc2 Qf2+ 58. Kc1 Qe3+ 59. Kb2 Qd2+ 60. Kb1 Qb4+ 61. Kc1 Qa3+
62. Kd2 Qb2+ 63. Kd1 Qd4+ 64. Kc2 Qf2+ 65. Kc1 Qe3+ 66. Kc2 Qxf3 67. Qc4+
Qe2+ 68. Qxe2+ Kxe2 { White resigns } 0-1

[Event "ICC tourney 2246 (120 10)"]
[Site "Internet Chess Club"]
[Date "2020.12.27"]
[Round "4"]
[White "DaveGriffin"]
[Black "oliver-kc"]
[Result "1-0"]
[ICCResult "Black checkmated"]
[WhiteElo "1124"]
[BlackElo "794"]
[Opening "Sicilian: accelerated fianchetto, Maróczy bind, 6.Be3"]
[ECO "B38"]
[NIC "SI.33"]
[Time "17:17:40"]
[PlyCount "135"]
[TimeControl "7200+10"]

1. e4 c5 2. Nf3 Nc6 3. d4 cxd4 4. Nxd4 g6 5. c4 Bg7 6. Be3 Nf6 7. f3 O-O 8.
Qd2 Re8 9. Nc3 d6 10. Nxc6 bxc6 11. Bh6 Bh8 12. g4 e6 13. O-O-O d5 14. h4
d4 15. Bg5 e5 16. h5 Be6 17. hxg6 fxg6 18. Na4 Qe7 19. Bd3 c5 20. Rh3 Kg7
21. Rdh1 Bg8 22. Qh2 Kf8 23. Bh6+ Kf7 24. Bg5 Kf8 25. f4 Bg7 26. fxe5 Qxe5
27. Bf4 Qe6 28. Nxc5 Qxg4 29. Bd6+ Kf7 30. e5 Qg5+ 31. Kb1 h6 32. Rg1 Ng4
33. Rf3+ Bf6 34. Rxf6+ Qxf6 35. exf6 Nxh2 36. Bxg6+ Kxf6 37. Bxe8 Rxe8 38.
Bxh2 Bxc4 39. b3 Bb5 40. Bf4 h5 41. Rg5 Re1+ 42. Kb2 Re2+ 43. Ka3 d3 44.
Rxh5 d2 45. Rd5 a5 46. Bxd2 Re5 47. Bc3 Kf7 48. Rxe5 Kg8 49. Re7 a4 50.
Nxa4 Bc6 51. Nc5 Bd5 52. Kb4 Kf8 53. Ra7 Kg8 54. Rd7 Bf7 55. Ne4 Kf8 56.
Ng5 Be8 57. Ne6+ Kg8 58. Rg7+ Kh8 59. Re7+ Kg8 60. Rxe8+ Kf7 61. Nc7 Kg6
62. Rf8 Kh7 63. Ne6 Kh6 64. Rg8 Kh7 65. Rg1 Kh6 66. Bf6 Kh5 67. Nf4+ Kh6
68. Rh1# { Black checkmated } 1-0

[Event "ICC tourney 2246 (120 10)"]
[Site "Internet Chess Club"]
[Date "2020.12.27"]
[Round "4"]
[White "srinandasai12"]
[Black "kushagra12"]
[Result "1-0"]
[ICCResult "Black checkmated"]
[WhiteElo "1228"]
[BlackElo "1108"]
[Opening "Sicilian: Alapin's variation (2.c3)"]
[ECO "B22"]
[NIC "SI.46"]
[Time "17:17:39"]
[PlyCount "75"]
[TimeControl "7200+10"]

1. e4 c5 2. c3 Nc6 3. d4 cxd4 4. cxd4 e5 5. d5 Bb4+ 6. Bd2 Bxd2+ 7. Nxd2
Nd4 8. Ngf3 Nxf3+ 9. Qxf3 Nf6 10. Qg3 O-O 11. Qxe5 Re8 12. Qd4 Qa5 13. Bd3
Nxd5 14. O-O Nb6 15. Nb3 Qh5 16. Rfe1 Rd8 17. Re3 d5 18. exd5 Qxd5 19. Qh4
Bf5 20. Bxf5 Qxf5 21. Rae1 h6 22. Rg3 Kh7 23. Nd4 Re8 24. Rxg7+ Kxg7 25.
Nxf5+ Kg6 26. Qg4+ Kf6 27. Rf1 Re5 28. Ng3 Rae8 29. Qh4+ Kg6 30. h3 R8e6
31. f4 Re1 32. f5+ Kg7 33. fxe6 Rxe6 34. Nf5+ Kf8 35. Qd8+ Re8 36. Qd6+ Kg8
37. Qxh6 Re1 38. Qg7# { Black checkmated } 1-0

[Event "ICC tourney 2246 (120 10)"]
[Site "Internet Chess Club"]
[Date "2020.12.27"]
[Round "4"]
[White "king235"]
[Black "Rthur"]
[Result "0-1"]
[ICCResult "White checkmated"]
[WhiteElo "969"]
[BlackElo "802"]
[Opening "Two knights defense"]
[ECO "C58"]
[NIC "KP.01"]
[Time "17:17:28"]
[PlyCount "96"]
[TimeControl "7200+10"]

1. e4 e5 2. Nf3 Nc6 3. Bc4 Nf6 4. Ng5 d5 5. exd5 Na5 6. Bb5+ c6 7. dxc6
bxc6 8. Ba4 Bb7 9. Bb3 Nxb3 10. axb3 h6 11. Nf3 Bd6 12. c3 e4 13. Nd4 O-O
14. d3 Re8 15. Be3 exd3 16. Qxd3 Bf4 17. O-O Bxe3 18. fxe3 c5 19. Qb5 Bxg2
20. Kxg2 cxd4 21. exd4 Nd5 22. Rf3 Qg5+ 23. Kf2 Qh4+ 24. Kg2 Qg5+ 25. Kf2
Qh5 26. Qf1 Qxh2+ 27. Qg2 Re2+ 28. Kxe2 Qxg2+ 29. Rf2 Qg5 30. Nd2 Re8+ 31.
Kd1 Re7 32. Kc1 h5 33. Ra5 Qg1+ 34. Rf1 Re1+ 35. Rxe1 Qxe1+ 36. Kc2 Qe6 37.
Rxa7 h4 38. Nf3 Qe2+ 39. Nd2 h3 40. Ra1 h2 41. c4 Ne3+ 42. Kc3 Nd1+ 43. Kb4
h1=Q 44. Ne4 Qhxe4 45. c5 Qxd4+ 46. Ka5 Qxc5+ 47. Ka4 Qcb5+ 48. Ka3 Qa5# {
White checkmated } 0-1

[Event "ICC tourney 2246 (120 10)"]
[Site "Internet Chess Club"]
[Date "2020.12.27"]
[Round "4"]
[White "leonlunachen"]
[Black "nguyencaptures"]
[Result "1-0"]
[ICCResult "Black checkmated"]
[WhiteElo "749"]
[BlackElo "1124"]
[Opening "QGD Slav: 4.e3 Bf5"]
[ECO "D12"]
[NIC "SL.01"]
[Time "17:17:31"]
[PlyCount "91"]
[TimeControl "7200+10"]

1. d4 d5 2. c4 c6 3. e3 Nf6 4. Nf3 Bf5 5. Nc3 e6 6. Bd3 Bxd3 7. Qxd3 Be7 8.
O-O O-O 9. Rd1 Na6 10. a3 dxc4 11. Qxc4 Nd5 12. e4 Nxc3 13. bxc3 c5 14. Bf4
Rc8 15. Qb3 Qb6 16. Qxb6 axb6 17. d5 exd5 18. exd5 Rfd8 19. c4 Bd6 20. Bxd6
Rxd6 21. Re1 Nc7 22. Re7 b5 23. Rae1 Rdd8 24. d6 Ne6 25. d7 Ra8 26. Ne5 Rf8
27. Rd1 Nd4 28. cxb5 f6 29. Nc4 Rf7 30. Re8+ Rf8 31. Nd6 b6 32. Nc8 Kf7 33.
Rxf8+ Kxf8 34. d8=Q+ Kf7 35. Nd6+ Kg6 36. Qxa8 Ne2+ 37. Kf1 Nf4 38. Qe4+
Kg5 39. h4+ Kg4 40. Qf3+ Kxh4 41. Qxf4+ Kh5 42. Qf5+ g5 43. Rd3 Kh6 44.
Qxf6+ Kh5 45. Rh3+ Kg4 46. f3# { Black checkmated } 1-0

[Event "ICC tourney 2246 (120 10)"]
[Site "Internet Chess Club"]
[Date "2020.12.27"]
[Round "4"]
[White "Pranavthepro"]
[Black "traycon"]
[Result "0-1"]
[ICCResult "White resigns"]
[WhiteElo "1078"]
[BlackElo "857"]
[Opening "Caro-Kann: advance variation"]
[ECO "B12"]
[NIC "CK.02"]
[Time "17:18:01"]
[PlyCount "104"]
[TimeControl "7200+10"]

1. e4 c6 2. d4 d5 3. e5 c5 4. c3 Nc6 5. Nf3 cxd4 6. cxd4 Bg4 7. Be2 e6 8.
Be3 Nge7 9. Nc3 Ng6 10. h3 Bxf3 11. Bxf3 Bb4 12. a3 Bxc3+ 13. bxc3 O-O 14.
g3 Na5 15. Be2 Nc4 16. Bxc4 dxc4 17. h4 Qd5 18. Ke2 f6 19. h5 Ne7 20. exf6
Rxf6 21. Kd2 Qe4 22. Qc2 Qf3 23. Raf1 Nd5 24. Qc1 Raf8 25. Ke1 Nxe3 26.
Qxe3 Qxe3+ 27. fxe3 b5 28. Ke2 a5 29. Rxf6 Rxf6 30. Rb1 Rf5 31. h6 gxh6 32.
g4 Rg5 33. Kf3 h5 34. Rg1 hxg4+ 35. Rxg4 Rxg4 36. Kxg4 b4 37. cxb4 axb4 38.
axb4 c3 39. b5 c2 40. b6 c1=Q 41. b7 Qb1 42. Kf4 Qxb7 43. Ke5 Qb3 44. e4
Kf7 45. Kf4 Qb8+ 46. e5 h5 47. Kg5 Qb7 48. Kxh5 Qe4 49. Kh6 Qxd4 50. Kh7
Qxe5 51. Kh6 Qg3 52. Kh5 Kf6 { White resigns } 0-1

[Event "ICC tourney 2246 (120 10)"]
[Site "Internet Chess Club"]
[Date "2020.12.27"]
[Round "4"]
[White "e4h5"]
[Black "boxingguy2469x"]
[Result "1-0"]
[ICCResult "Black checkmated"]
[WhiteElo "1239"]
[BlackElo "1048"]
[Opening "Giuoco Piano: Möller (Therkatz) attack"]
[ECO "C54"]
[NIC "IG.02"]
[Time "17:17:31"]
[PlyCount "43"]
[TimeControl "7200+10"]

1. e4 e5 2. Nf3 Nc6 3. Bc4 Bc5 4. c3 Nf6 5. d4 exd4 6. cxd4 Bb4+ 7. Nc3
Nxe4 8. O-O Bxc3 9. d5 Ne7 10. bxc3 Nf6 11. d6 cxd6 12. Qxd6 O-O 13. Bg5
Nc6 14. Rfe1 h6 15. Bh4 g5 16. Nxg5 hxg5 17. Bxg5 Kg7 18. Re3 Na5 19. Rg3
Nxc4 20. Bxf6+ Kh7 21. Qd3+ Kh6 22. Rh3# { Black checkmated } 1-0